[Event "*** SCC Grand Prix: Titled Tuesday Blitz"]
[Site "Chess.com"]
[Date "2020.10.06"]
[Round "8"]
[White "HanSchut"]
[Black "Oligan22"]
[Result "0-1"]
[WhiteElo "2252"]
[BlackElo "2423"]
[TimeControl "180+1"]
[EndTime "11:36:17 PDT"]
[Termination "Oligan22 won by checkmate"]

1. e4 c5 2. Nf3 e6 3. c4 Nc6 4. Nc3 a6 5. Be2 Nd4 6. O-O d6 7. d3 Nf6 8. Be3 Qb6 9. Rb1 a5 10.
a3 a4 11. Bxd4 cxd4 12. Nxa4 Qa7 13. b3 Bd7 14. Ra1 Bxa4 15. bxa4 e5 16. Qb3 Nd7 17.
Rfb1 b6 18. Bd1 Be7 19. Qb5 O-O 20. Nd2 Rfb8 21. g3 Nc5 22. Bc2 g6 23. f4 Kg7 24.
Kf1 Bd8 25. Ke2 Qe7 26. fxe5 dxe5 27. Nf3 f5 28. Rf1 Qd6 29. Nd2 Bg5 30. exf5 Bxd2 31. f6+ Kg8 32. f7+ Kg7 33. Kxd2 Ra7 34. Rf2 Rxf7 35. Rxf7+ Kxf7 36. Rf1+ Kg7 37. a5 e4 38.
axb6 Rxb6 39. Qe8 Rb7 40. Rb1 Rxb1 41. Bxb1 e3+ 42. Ke2 Ne6 43. Bc2 Kf6 44. Qb5 Qxa3 45. Qd5 Qb2 46. Kd1 e2+ 47. Kd2 Qc3+ 48. Kxe2 Qxc2+ 49. Kf3 Qxd3+ 50. Kg2 Qe2+ 51. Kh3 d3 52. c5 d2 53. c6 d1=Q 54. Qxd1 Qxd1 55. c7 Nxc7 56. Kh4 Ne6 57. g4 g5+ 58. Kh5 Nf4+ 59. Kh6 Qxg4 60. h4 Qh5# 0-1

[Event "*** SCC Grand Prix: Titled Tuesday Blitz"]
[Site "Chess.com"]
[Date "2020.10.06"]
[Round "8"]
[White "Ze-Pequeno"]
[Black "Alexandercs432"]
[Result "1/2-1/2"]
[WhiteElo "2244"]
[BlackElo "2143"]
[TimeControl "180+1"]
[EndTime "11:36:17 PDT"]
[Termination "Game drawn by repetition"]

1. e4 e5 2. Nf3 Nf6 3. Nxe5 d6 4.
Nf3 Nxe4 5. d4 d5 6. Bd3 Nc6 7. O-O Be7 8. c4 Nb4 9. Be2 O-O 10. Nc3 Bf5 11. a3 Nxc3 12. bxc3 Nc6 13. Re1 Re8 14.
Bf4 dxc4 15. Bxc4 Bd6 16. Rxe8+ Qxe8 17. Bxd6 cxd6 18. Qa4 Ne7 19. Qb3 b6 20. Re1 Qf8 21. Ba6 Be6 22. Qc2 h6 23. Qe2 Ng6 24. Qb2 Bd5 25. Nd2 Re8 26. Rc1 Re6 27. Bf1 Qe7 28. c4 Ba8 29. d5 Re1 30. Nf3 Rxc1 31. Qxc1 Ne5 32. Nd4 Bb7 33. Qe3 Qf6 34. f4 Ng6 35. g3 Kh7 36. Bd3 Bc8 37. Kg2 h5 38. h4 Kh6 39.
Qe2 Kh7 40. Qe3 Kg8 41. Qe8+ Nf8 42. Qe3 Bd7 43. Qe4 Ba4 44. Nf3 Bd7 45. Ng5 Bg4 46.
Qe3 g6 47. Qe4 Qb2+ 48. Kg1 Qc1+ 49. Kf2 Qd2+ 50. Kg1 Qc1+ 51. Kf2 Qd2+ 52. Kg1 Qc1+ 1/2-1/2

[Event "*** SCC Grand Prix: Titled Tuesday Blitz"]
[Site "Chess.com"]
[Date "2020.10.06"]
[Round "8"]
[White "CM_rui"]
[Black "dominikaf"]
[Result "1-0"]
[WhiteElo "2366"]
[BlackElo "2252"]
[TimeControl "180+1"]
[EndTime "11:36:18 PDT"]
[Termination "CM_rui won on time"]

1. e4 e5 2. Nf3 Nc6 3. Bb5 a6 4. Ba4 Nf6 5. O-O Be7 6. Re1 b5 7. Bb3 O-O 8. h3 Bb7 9. c3 d5 10. exd5 Nxd5 11. Nxe5 Nxe5 12. Rxe5 Qd6 13. d4 c5 14. Qe2 Bf6 15. Re4 cxd4 16. cxd4 Nb4 17. Rg4 Rae8 18. Be3 Bxd4 19. Nd2 Bxb2 20. Rd1 Qe7 21.
Nf3 Bf6 22. a3 Nc6 23. Qa2 Ne5 24. Nxe5 Bxe5 25. Rc1 h5 26. Rg5 Bf6 27. Rxh5 Qe4 28. Bd5 Bxd5 29. Rxd5 Re5 30. Rd7 Rf5 31. Rcc7 Qe6 32. Qxe6 fxe6 33. Bc5 Be5 34. Ra7 R8f7 35. Rxf7 Rxf7 36. Rxa6 Rf5 37. Rxe6 Bb2 38. Re8+ Kf7 39. Rf8+ Kg6 40. Rxf5 Kxf5 41. Bb4 Ke4 42. Kf1 g6 43. Ke2 Kd4 44. Kd2 Kc4 45. Ke3 Bd4+ 46. Ke2 Kb3 47.
f4 Bb2 48. g4 Bxa3 49. Bd2 Bb2 50. Kd3 Bf6 51. g5 Bg7 52. Ke4 Kc2 53. Bb4 1-0

[Event "*** SCC Grand Prix: Titled Tuesday Blitz"]
[Site "Chess.com"]
[Date "2020.10.06"]
[Round "8"]
[White "SharapovEvgeny"]
[Black "Iskusnyh"]
[Result "1/2-1/2"]
[WhiteElo "2477"]
[BlackElo "2567"]
[TimeControl "180+1"]
[EndTime "11:36:19 PDT"]
[Termination "Game drawn by repetition"]

1. c4 c5 2. Nc3 g6 3. Nf3 Bg7 4.
d4 cxd4 5. Nxd4 Nc6 6. e3 Nf6 7. Be2 O-O 8. O-O d5 9. cxd5 Nxd5 10. Nxd5 Qxd5 11. Bf3 Qc5 12. Nxc6 bxc6 13. Qa4 Rb8 14. Bxc6 Be6 15. Bf3 Rfc8 16. h3 a5 17. Rb1 Qc2 18. Qxc2 Rxc2 19. Be4 Rc5 20. b3 f5 21. Ba3 Rc7 22.
Bd3 Kf7 23. Rfc1 Rbc8 24. Rxc7 Rxc7 25. Rc1 Ra7 26. Bc4 a4 27. Bxe6+ Kxe6 28. b4 Rb7 29.
Kf1 Be5 30. Ke2 Bd6 31. Rc4 g5 32. g4 h5 33. gxh5 Rb8 34. Bb2 Bxb4 35. h6 Bd6 36. Bd4 Be5 37. Bxe5 Kxe5 38. Rxa4 Rh8 39. Ra5+ Kf6 40.
Ra6+ e6 41. a4 Rxh6 42. a5 Rxh3 43. Ra8 Rh4 44. a6 Ra4 45. a7 Ke5 46. Kd3 g4 47. Kc3 Ra1 48. Kb2 Ra6 49. Kb3 Rb6+ 50. Kc4 Ra6 51. Kb5 Ra1 52. Kb6 Rb1+ 53. Kc6 Ra1 54.
Kb6 Rb1+ 55. Kc6 Ra1 56. Kb6 1/2-1/2

[Event "*** SCC Grand Prix: Titled Tuesday Blitz"]
[Site "Chess.com"]
[Date "2020.10.06"]
[Round "8"]
[White "TokChess"]
[Black "catzapto"]
[Result "1-0"]
[WhiteElo "2402"]
[BlackElo "2163"]
[TimeControl "180+1"]
[EndTime "11:36:19 PDT"]
[Termination "TokChess won by checkmate"]

1. d4 Nf6 2. c4 e6 3. Nc3 c6 4. Nf3 d5 5. e3 Bb4 6. Qc2 O-O 7. Bd2 a6 8. g4 Nxg4 9. Rg1 f5 10. h4 Nf6 11. O-O-O Bxc3 12. Bxc3 a5 13. Bd3 Ne4 14. Ng5 Na6 15. a3 Rb8 16. c5 b5 17. cxb6 Nxc3 18.
Qxc3 Qxb6 19. h5 Qb3 20. Qxb3 Rxb3 21. h6 g6 22. Bxa6 Bxa6 23. Nxe6 Rfb8 24. Rd2 Rd3 25. Rxd3 Bxd3 26. Nc5 Be4 27. b3 f4 28. exf4 Rf8 29.
Rg4 Rf5 30. Rh4 Kf7 31. Kd2 Kf6 32. Ke3 g5 33. Rg4 gxf4+ 34. Rxf4 Rxf4 35. Kxf4 Bc2 36. Nb7 Bxb3 37. Nxa5 Ba4 38. Nb7 Kg6 39. Nc5 Bb5 40. a4 Bc4 41. a5 Kxh6 42. a6 Bxa6 43.
Nxa6 Kh5 44. Nb4 Kh4 45. Nxc6 h5 46. Nb4 Kh3 47. Nxd5 Kg2 48. Ke3 h4 49. Nf4+ Kf1 50. d5 Ke1 51. d6 Kf1 52. d7 Kg1 53. d8=Q h3 54. Qg5+ Kh1 55. Qg3 h2 56. Qg2# 1-0

[Event "*** SCC Grand Prix: Titled Tuesday Blitz"]
[Site "Chess.com"]
[Date "2020.10.06"]
[Round "8"]
[White "Gurvich_Vitaly"]
[Black "XDPS"]
[Result "1-0"]
[WhiteElo "2643"]
[BlackElo "2777"]
[TimeControl "180+1"]
[EndTime "11:36:20 PDT"]
[Termination "Gurvich_Vitaly won on time"]

1. c4 e5 2. d3 Nf6 3. Nc3 g6 4. g3 Bg7 5. Bg2 O-O 6. e4 c6 7. Nge2 Na6 8. O-O Nc7 9. f4 d6 10. f5 d5 11. Qc2 gxf5 12. exf5 Re8 13. Bg5 Qd6 14. Kh1 a6 15. a4 Bd7 16. Qb3 e4 17.
dxe4 dxc4 18. Qxc4 b5 19. Qb3 Qc5 20. Rad1 Bc8 21. e5 Rxe5 22. Bf4 Ng4 23. Bxe5 Bxe5 24. Rd8+ Kg7 25. Ne4 Qe7 26. Qd3 Nd5 27. Rxd5 cxd5 28.
f6+ Nxf6 29. Nxf6 Bxf6 30. Nf4 Bxb2 31. axb5 axb5 32. Nxd5 Qa3 33. Qd2 Be6 34. Qg5+ Kf8 35. Nc7 Re8 36. Nxe8 Kxe8 37. Rd1 Qa5 38. Bc6+ Kf8 39. Rd8+ Qxd8 40. Qxd8+ Kg7 41. Qg5+ Kf8 42. Qxb5 Bf6 43. Kg2 Kg7 44. Bd5 Bf5 45. Bf3 Be6 46.
Qe2 h6 47. Be4 Bd7 48. Qf3 Be6 49. Bd5 Bd7 50. h4 Bc8 51. Bc4 Bd7 52. Qe4 Kf8 53.
Qd5 Be8 54. Kh3 Kg7 55. g4 Be7 56. Qe5+ 1-0

[Event "*** SCC Grand Prix: Titled Tuesday Blitz"]
[Site "Chess.com"]
[Date "2020.10.06"]
[Round "8"]
[White "maximnovik"]
[Black "UmarovSabir"]
[Result "1-0"]
[WhiteElo "2537"]
[BlackElo "2375"]
[TimeControl "180+1"]
[EndTime "11:36:20 PDT"]
[Termination "maximnovik won on time"]

1. d4 g6 2. e4 Bg7 3. Nc3 c6 4.
Nf3 d5 5. h3 dxe4 6. Nxe4 Nf6 7. Nxf6+ Bxf6 8. Bd3 Qb6 9. O-O O-O 10. Re1 Rd8 11. c3 c5 12. dxc5 Qxc5 13. Qe2 Nc6 14. Bf4 Bf5 15. Rad1 Bxd3 16. Rxd3 Rxd3 17. Qxd3 Rd8 18. Qe4 Qd5 19. Qxd5 Rxd5 20. Kf1 b5 21.
Ke2 e6 22. Rd1 Rxd1 23. Kxd1 b4 24. Kc2 bxc3 25. bxc3 Kf8 26. Kd3 Ke7 27. Kc4 Kd7 28. Ng5 e5 29. Be3 Bxg5 30. Bxg5 Kd6 31. Be3 f5 32.
Kb5 f4 33. Bc5+ Kc7 34. c4 e4 35. g3 fxg3 36. fxg3 Ne5 37. Bxa7 Nd3 38. a4 Nf2 39. h4 Nd1 40. a5 e3 41. Bb6+ Kb7 42. a6+ Kb8 43.
c5 e2 44. Ba5 Nf2 45. c6 Nd3 46. c7+ 1-0

[Event "*** SCC Grand Prix: Titled Tuesday Blitz"]
[Site "Chess.com"]
[Date "2020.10.06"]
[Round "8"]
[White "Nara_Kh"]
[Black "FloMaster111"]
[Result "1-0"]
[WhiteElo "2395"]
[BlackElo "2542"]
[TimeControl "180+1"]
[EndTime "11:36:20 PDT"]
[Termination "Nara_Kh won by checkmate"]

1. e4 c6 2. Nc3 d5 3. Nf3 dxe4 4.
Nxe4 Nf6 5. Qe2 Nxe4 6. Qxe4 Qa5 7. Ne5 Nd7 8. Nc4 Qd5 9. Bd3 Nf6 10. Qxd5 cxd5 11. Ne5 Nd7 12. f4 e6 13. b3 Nxe5 14.
fxe5 Bc5 15. Bb2 a5 16. a4 O-O 17. Ke2 b6 18. Raf1 Ba6 19. g4 Bxd3+ 20. Kxd3 Rac8 21. h4 Rc7 22. Rh3 Rfc8 23. Rhf3 Bf8 24. Bd4 Rxc2 25. Rxf7 Bb4 26. Be3 Rb2 27. Rb7 Rxb3+ 28. Ke2 Rf8 29. Rc1 d4 30. Bxd4 Rg3 31. Be3 Rxg4 32. h5 h6 33. Rcc7 Rf5 34. Rb8+ Kh7 35. Rcc8 Rxh5 36. Rh8+ Kg6 37. Rxb6 Rxe5 38. Re8 Rge4 39. Kd3 Kf7 40. Reb8 Rg4 41. R8b7+ Kg6 42. Rc6 Kf6 43. Rcc7 Kf5 44. Rf7+ Kg6 45. Rxg7+ Kh5 46. Rh7 Rd5+ 47. Kc2 Bxd2 48.
Rxh6# 1-0

[Event "*** SCC Grand Prix: Titled Tuesday Blitz"]
[Site "Chess.com"]
[Date "2020.10.06"]
[Round "8"]
[White "queen_iryna"]
[Black "MPGM"]
[Result "1-0"]
[WhiteElo "2319"]
[BlackElo "2443"]
[TimeControl "180+1"]
[EndTime "11:36:20 PDT"]
[Termination "queen_iryna won by resignation"]

1. e4 e5 2. Nf3 Nc6 3. c3 Nf6 4. d3 g6 5. Be2 Bg7 6. O-O O-O 7. Nbd2 d6 8. b4 h6 9. Nc4 Nh7 10. Bd2 Ng5 11. Nxg5 hxg5 12. Qc1 Bf6 13. Ne3 Ne7 14. Bg4 Kg7 15. Bxc8 Nxc8 16. Nd5 Rh8 17. Nxf6 Qxf6 18. Bxg5 Qe6 19. Be3 f5 20. exf5 Qxf5 21. f4 Qxd3 22. fxe5 dxe5 23. Bg5 Rh5 24. Rf3 Qc4 25. Bf6+ Kh7 26.
Qf1 Qxf1+ 27. Raxf1 Nd6 28. g4 Rh6 29. Bxe5 g5 30.
Rf6 Re8 31. Rxh6+ Kxh6 32. Bxd6 cxd6 33. Rf6+ Kg7 34. Rxd6 Re2 35. Rd7+ Kf6 36. Rxb7 Rxa2 37. c4 Ke5 38. c5 Kf4 39. c6 Rc2 40. b5 a6 41.
bxa6 Rxc6 42. Rb4+ Kf3 43. Rb3+ Kxg4 44. Ra3 Rc1+ 45.
Kf2 Rc2+ 46. Ke3 Rc8 47. a7 Ra8 48. Ke4 Kh4 49. Kd5 g4 50. Kc6 Rg8 51. Kb7 Rg7+ 52. Kb6 Rg6+ 53. Kb5 Rg5+ 54. Kc4 Rg8 55. a8=Q Rxa8 56.
Rxa8 Kh3 57. Rh8+ 1-0

[Event "*** SCC Grand Prix: Titled Tuesday Blitz"]
[Site "Chess.com"]
[Date "2020.10.06"]
[Round "8"]
[White "Pultis"]
[Black "MrTattaglia"]
[Result "0-1"]
[WhiteElo "2763"]
[BlackElo "2883"]
[TimeControl "180+1"]
[EndTime "11:36:23 PDT"]
[Termination "MrTattaglia won on time"]

1. Nf3 b6 2. c4 Bb7 3. Nc3 Nf6 4. g3 g6 5. Bg2 Bg7 6. O-O O-O 7. Re1 c5 8. e4 Nc6 9. h3 Ne8 10. d3 Nc7 11.
Bd2 Ne6 12. a3 d6 13. Rb1 Ned4 14. b4 e6 15. Nh2 Qd7 16. b5 Ne7 17. a4 f5 18. a5 Rae8 19. Ra1 Qc8 20. f4 Qb8 21. Nf1 e5 22. axb6 axb6 23. h4 fxe4 24. dxe4 exf4 25. gxf4 Ne6 26. Ne2 Bxa1 27. Qxa1 Qa8 28. Qb1 Ng7 29.
Nfg3 Qa4 30. Qd3 Rd8 31. Bc3 Qa8 32. h5 Qc8 33. h6 Ne6 34. Bh3 Rf7 35. Kh2 Qd7 36.
Rg1 Bc8 37. Nh5 Qe8 38. Nf6+ Rxf6 39. Bxf6 Qf7 40. Bb2 Nd4 41. f5 d5 42. cxd5 Nxe2 43. Qxe2 Re8 44. Qd3 Kf8 45. Rf1 gxf5 46. Bg7+ Kg8 47.
Rg1 f4 48. Bxc8 Rxc8 49. Qh3 Re8 50. Bb2+ Ng6 51. Qc3 Kf8 52. Ra1 f3 53. Qh8+ Nxh8 0-1

[Event "*** SCC Grand Prix: Titled Tuesday Blitz"]
[Site "Chess.com"]
[Date "2020.10.06"]
[Round "8"]
[White "vovachesss"]
[Black "GukeshDommaraju"]
[Result "1-0"]
[WhiteElo "2690"]
[BlackElo "2789"]
[TimeControl "180+1"]
[EndTime "11:36:23 PDT"]
[Termination "vovachesss won by resignation"]

1. Nf3 Nf6 2. b3 g6 3. Bb2 Bg7 4. d4 O-O 5. e3 d6 6. Be2 Nbd7 7.
O-O b6 8. c4 Bb7 9. Nc3 Ne4 10.
Qc2 Nxc3 11. Bxc3 e5 12. dxe5 dxe5 13. Rad1 Qe7 14. Rd2 a5 15. Rfd1 Nc5 16. b4 Be4 17. Qc1 axb4 18. Bxb4 Rfd8 19. Bxc5 bxc5 20. Rxd8+ Rxd8 21. Rxd8+ Qxd8 22. h3 Qa8 23. Qd2 h6 24. Ne1 Bc6 25.
Bd1 e4 26. Bb3 Be5 27. Nc2 Bd6 28. Qc1 Qd8 29. Na3 Qg5 30. Nb5 Be5 31. Qd1 Kg7 32.
Na7 Bb7 33. Ba4 Bd6 34. Bc6 Bxc6 35. Nxc6 Qf6 36. g3 Qc3 37. Qd5 f5 38. Nd8 Qf6 39.
Ne6+ Kh7 40. Nxc5 h5 41. h4 Qa1+ 42. Kg2 Qxa2 43. Qf7+ Kh6 44. Ne6 Qb2 45. Ng5 Qg7 46. Qe8 Be7 47. Nf7+ Kh7 48. Qxe7 c5 49. Ng5+ Kh6 50.
Qxg7+ Kxg7 51. Ne6+ Kf6 52. Nxc5 Ke5 53. Nb3 Kd6 54.
Nd4 Kc5 55. Ne6+ Kxc4 56. Nf4 g5 57. hxg5 1-0

[Event "*** SCC Grand Prix: Titled Tuesday Blitz"]
[Site "Chess.com"]
[Date "2020.10.06"]
[Round "8"]
[White "ChessWarrior7197"]
[Black "Infernal_XaM"]
[Result "1-0"]
[WhiteElo "3013"]
[BlackElo "2873"]
[TimeControl "180+1"]
[EndTime "11:36:24 PDT"]
[Termination "ChessWarrior7197 won by checkmate"]

1. e4 e5 2. Nf3 Nc6 3. Nc3 Nf6 4. Bb5 Nd4 5. O-O Bc5 6. Bd3 d6 7. Nxd4 Bxd4 8. Ne2 Bb6 9. c3 d5 10. exd5 Qxd5 11.
Bc2 Bg4 12. d3 O-O-O 13. Be3 h5 14. b4 h4 15. c4 Qc6 16. h3 Bxe2 17. Qxe2 Bd4 18.
Bxd4 exd4 19. Rae1 Kb8 20. Qe5 a6 21. Bb3 Rh5 22.
Qe7 Rd7 23. Qe2 Rg5 24. f3 Qd6 25. f4 Rg3 26. c5 Qc6 27. Qc2 Rd8 28. Ba4 Qd5 29.
Re5 c6 30. Rxd5 Nxd5 31. Rf3 Ne3 32. Qf2 Nf5 33. Rxg3 hxg3 34. Qe1 f6 35. Bd1 Ka7 36. Bg4 Ne3 37. Qxg3 Re8 38. Bf3 Re7 39. Be4 Nc2 40.
h4 Nxb4 41. a4 Na2 42. a5 Nc3 43. Qf3 Na4 44. Qf2 Rd7 45. Qc2 Nc3 46. Qb3 Ne2+ 47.
Kf2 Nxf4 48. Qb6+ Ka8 49. Bxc6 bxc6 50. Qxa6+ Kb8 51. Qxc6 Nxd3+ 52. Ke2 Ne5 53. Qe6 d3+ 54. Kd2 Kb7 55. a6+ Ka7 56. Qb6+ Ka8 57. Qb5 Rd4 58.
Qb7# 1-0

[Event "*** SCC Grand Prix: Titled Tuesday Blitz"]
[Site "Chess.com"]
[Date "2020.10.06"]
[Round "8"]
[White "KuzubovYuriy"]
[Black "Alexander_Moskalenko"]
[Result "1/2-1/2"]
[WhiteElo "2938"]
[BlackElo "2821"]
[TimeControl "180+1"]
[EndTime "11:36:24 PDT"]
[Termination "Game drawn - insufficient material"]

1. d4 d5 2. c4 c6 3. Nf3 Nf6 4. Nc3 dxc4 5. a4 Bf5 6. Nh4 e6 7. Nxf5 exf5 8. e3 Bb4 9. Bxc4 O-O 10. O-O Nbd7 11. Qc2 g6 12. f3 Rc8 13. e4 Nb6 14. Ba2 Qxd4+ 15. Kh1 fxe4 16. fxe4 Ng4 17. Bf4 Bxc3 18.
bxc3 Qc5 19. Rad1 Nc4 20. Bxc4 Qxc4 21. h3 Nf6 22. Rfe1 Rfe8 23. Rd4 Qe6 24. Rd6 Qe7 25. Qd3 Nd5 26. Bg3 Nc7 27. Rd7 Rcd8 28. Rxe7 Rxd3 29.
Rxc7 Rxg3 30. Rxb7 Rxc3 31. Rf1 Rf8 32. Rxa7 Rc4 33. e5 Re4 34. Rc1 Rxe5 35. Rxc6 Rd8 36. Rc2 Rd1+ 37. Kh2 Rf5 38. Ra2 h5 39. h4 Rf4 40. g3 Rff1 41. Rc7 Rh1+ 42. Kg2 Rdg1+ 43. Kf2 Rh2+ 44. Kxg1 Rxa2 45. Ra7 Kg7 46. a5 Kf6 47. Kf1 Ke6 48. Kg1 f6 49. Kf1 Kf5 50. Rc7 Kg4 51.
Rc6 Kxg3 52. Rxf6 Rxa5 53. Rxg6+ Kf3 54. Kg1 Ra4 55. Rg5 Rxh4 56. Ra5 Re4 57. Ra3+ Re3 58. Rxe3+ Kxe3 59. Kg2 Kf4 60. Kh3 h4 61. Kxh4 1/2-1/2

[Event "*** SCC Grand Prix: Titled Tuesday Blitz"]
[Site "Chess.com"]
[Date "2020.10.06"]
[Round "8"]
[White "Durarbayli"]
[Black "tsvet2005"]
[Result "1-0"]
[WhiteElo "2813"]
[BlackElo "2680"]
[TimeControl "180+1"]
[EndTime "11:36:25 PDT"]
[Termination "Durarbayli won by resignation"]

1. e4 c5 2. b3 g6 3. Bb2 Nf6 4.
Qf3 d6 5. Bb5+ Nbd7 6. Bxf6 exf6 7. Nc3 Bg7 8. Qg3 O-O 9. Qxd6 Re8 10. Nge2 f5 11.
exf5 Ne5 12. Qxd8 Rxd8 13. fxg6 hxg6 14. Ng3 a6 15. Be2 b5 16. O-O-O Be6 17. h3 Rac8 18. f4 Nc6 19. Bg4 Bxg4 20. hxg4 c4 21. Kb1 Nd4 22.
Nge2 Ne6 23. f5 Nc5 24. b4 Nd7 25. fxg6 fxg6 26. Nf4 Ne5 27. g5 a5 28. a3 axb4 29. axb4 Nc6 30. Nxg6 Ra8 31. Rhe1 Rxd2 32. Kb2 Rxd1 33. Rxd1 Nxb4 34. Ne7+ Kf7 35. Rd7 Ke6 36. Rb7 Ra2+ 37. Kc1 Bxc3 38. Kd1 Ra1+ 39. Ke2 Kd6 40. g6 Re1+ 41. Kf3 Rxe7 42. Rxb5 Re6 43. g7 Rg6 44.
Rb6+ Kc5 45. Rxg6 Bxg7 46. Rxg7 Nxc2 47. Ke4 Kb4 48. g4 Kc3 49. g5 Nb4 50. g6 Nc6 51. Rd7 1-0

[Event "*** SCC Grand Prix: Titled Tuesday Blitz"]
[Site "Chess.com"]
[Date "2020.10.06"]
[Round "8"]
[White "Grandelicious"]
[Black "Sashadav97"]
[Result "1-0"]
[WhiteElo "2789"]
[BlackElo "2601"]
[TimeControl "180+1"]
[EndTime "11:36:26 PDT"]
[Termination "Grandelicious won on time"]

1. Nf3 d5 2. g3 Nc6 3. d4 Bg4 4.
Nbd2 Qd7 5. h3 Bh5 6. c3 f6 7. b4 a6 8. e4 e6 9. Bg2 Bd6 10.
O-O f5 11. exd5 exd5 12. Re1+ Nge7 13. Nb3 O-O 14. Nc5 Bxc5 15. bxc5 Kh8 16. Qd3 Ng8 17. Bf4 Bxf3 18. Bxf3 Nf6 19. Bg2 Ne4 20. f3 Nf6 21. Be5 Rae8 22. Kh2 Re7 23. c4 dxc4 24. Qxc4 Nxe5 25.
dxe5 Nd5 26. f4 c6 27. Rad1 Rd8 28. Rd4 Qe6 29. Red1 Red7 30. Qb3 h6 31. Bf3 Kh7 32.
Qb2 g5 33. Qf2 gxf4 34. gxf4 Rg7 35. Qh4 Rdg8 36. R1d2 Qg6 37. Qf2 Qe6 38. Rxd5 cxd5 39. Bxd5 Qg6 40. Bxg8+ Rxg8 41. Rd1 Qc6 42. Rg1 Rxg1 43.
Qxg1 Qf3 44. Qd4 Qe2+ 45. Kg1 Qe1+ 46. Kg2 Qe2+ 47. Kg1 Qe1+ 48. Kg2 Qe2+ 49. Qf2 Qe4+ 50. Qf3 Qc2+ 51. Kg3 Qxc5 52. Qxb7+ Kg8 53. Qb3+ Kg7 54.
Qb7+ Kh8 55. Qf3 Qg1+ 56. Kh4 1-0

[Event "*** SCC Grand Prix: Titled Tuesday Blitz"]
[Site "Chess.com"]
[Date "2020.10.06"]
[Round "8"]
[White "esrosenberg"]
[Black "kinga2008"]
[Result "1/2-1/2"]
[WhiteElo "2281"]
[BlackElo "2152"]
[TimeControl "180+1"]
[EndTime "11:36:26 PDT"]
[Termination "Game drawn - insufficient material"]

1. Nf3 c5 2. c4 Nc6 3. Nc3 g6 4. g3 Bg7 5. Bg2 Nf6 6. O-O O-O 7. d4 cxd4 8. Nxd4 e5 9. Ndb5 a6 10.
Nd6 Ne8 11. Nce4 f5 12. Nxe8 Rxe8 13. Nd6 Rf8 14. Qd5+ Kh8 15. Nf7+ Rxf7 16. Qxf7 Nb4 17. Bg5 Qg8 18. Qe7 Nc2 19. Rac1 Nd4 20. Rfe1 Ne6 21. Bd5 Bf8 22. Bf6+ Bg7 23. h4 Bxf6 24. Qxf6+ Qg7 25. Qxg7+ Nxg7 26. Red1 Rb8 27. c5 Ne8 28. b4 Nf6 29. a4 Kg7 30. b5 axb5 31. axb5 Kf8 32.
b6 Ke7 33. Bc4 Ne4 34. Bb5 Ra8 35. f3 Nxg3 36. Kf2 f4 37. Rd2 e4 38. Rd4 Ke6 39. fxe4 Ke5 40. Rcd1 Nxe4+ 41. Rxe4+ Kxe4 42. Bxd7 Bxd7 43. Rxd7 Rc8 44. Rc7 Rb8 45. Rxh7 Kd5 46. Rc7 Rh8 47. Rxb7 Kxc5 48. Rg7 Rxh4 49. Rxg6 Rh7 50. Kf3 Re7 51.
Rf6 Re3+ 52. Kxf4 Rxe2 53. b7 Rf2+ 54. Ke5 Rb2 55. Rf7 Kc6 56. Kd4 Rd2+ 57. Kc3 Rd8 58. Kb4 Rb8 59. Ka5 Rxb7 60. Rxb7 Kxb7 1/2-1/2

[Event "*** SCC Grand Prix: Titled Tuesday Blitz"]
[Site "Chess.com"]
[Date "2020.10.06"]
[Round "8"]
[White "Deepweb2020"]
[Black "misterlamine"]
[Result "0-1"]
[WhiteElo "2220"]
[BlackElo "2315"]
[TimeControl "180+1"]
[EndTime "11:36:27 PDT"]
[Termination "misterlamine won on time"]

1. d4 Nf6 2. c4 g6 3. Nf3 Bg7 4. g3 O-O 5. Bg2 d6 6. O-O Nbd7 7. Nc3 e5 8. e4 h6 9. h3 Re8 10. Re1 c6 11. Be3 Qc7 12. Qc2 a5 13. Rad1 Kh7 14. d5 Nf8 15. Rd2 cxd5 16. cxd5 Bd7 17.
a4 Rac8 18. Qb3 Qc4 19. Qxb7 Rb8 20. Qa7 Ra8 21. Qb6 Ra6 22. Bf1 Rxb6 23. Bxc4 Rb4 24. Bd3 Bxa4 25. Nxa4 Rxa4 26. Bb5 Nxe4 27. Bxa4 Nxd2 28.
Nxd2 Rb8 29. Nc4 Rb4 30. b3 f5 31. Nxd6 f4 32. Bd2 Rd4 33. Bxa5 Rxd5 34. Nc4 fxg3 35. fxg3 Ne6 36. Bc6 Rc5 37. Be4 Nd4 38. Rb1 Nxb3 39. Rxb3 Rxc4 40. Bg2 Ra4 41. Bd2 e4 42. Re3 Bd4 43.
Kf1 Bxe3 44. Bxe3 g5 45. h4 Kg6 46. Bh3 gxh4 47. gxh4 Kh5 48. Bf2 Ra3 49. Be6 e3 50. Be1 Ra6 51. Bc4 Rc6 52. Bb3 Rb6 53. Bc4 Rb2 54.
Bc3 Rc2 55. Bf7+ Kxh4 56. Be1+ Kg4 57. Bd5 h5 58. Be4 Rb2 59. Bc6 h4 60. Bd5 h3 61.
Be6+ Kf4 62. Bxh3 Kf3 63. Be6 e2+ 64. Kg1 Rb1 65. Bd5+ Ke3 0-1

[Event "*** SCC Grand Prix: Titled Tuesday Blitz"]
[Site "Chess.com"]
[Date "2020.10.06"]
[Round "8"]
[White "DenLaz"]
[Black "DanielDardha2005"]
[Result "1-0"]
[WhiteElo "2813"]
[BlackElo "2681"]
[TimeControl "180+1"]
[EndTime "11:36:29 PDT"]
[Termination "DenLaz won by checkmate"]

1. d4 Nf6 2. c4 e6 3. Nf3 d5 4. Nc3 Bb4 5. Bg5 h6 6. Bxf6 Qxf6 7. Qa4+ Nc6 8. e3 O-O 9. Be2 dxc4 10. Bxc4 Bd7 11.
O-O Bd6 12. Qc2 e5 13. Nd5 Qd8 14. Rad1 exd4 15. Nxd4 Nxd4 16. Rxd4 c6 17. Nc3 Be5 18.
Rd2 Qe7 19. Rfd1 Rad8 20. Qe4 Rfe8 21. Qf3 Bf4 22. Qxf4 Be6 23. Bxe6 fxe6 24. h3 Rxd2 25. Rxd2 Rd8 26. e4 Rxd2 27. Qxd2 Kh7 28. e5 Qc5 29. Qd3+ Kg8 30. Qd6 Qc4 31. g3 Kh7 32. Kg2 b5 33. a3 a5 34. Qd2 b4 35. axb4 axb4 36. Nd1 c5 37. f3 Kg8 38. Ne3 Qb3 39. Qc1 Qd3 40. g4 Qd4 41. Nc4 g5 42. b3 Qd3 43.
Qe3 Qc2+ 44. Kg3 Qd1 45. Qxc5 Qxb3 46. Qc8+ Kg7 47. Qd7+ Kh8 48. Qxe6 Qc3 49. Qxh6+ Kg8 50. Qxg5+ Kh7 51. Qf5+ Kg7 52. Qf6+ Kh7 53. Nd6 Qe1+ 54. Kf4 Qd2+ 55. Kf5 Qd3+ 56. Kg5 Qe3+ 57. f4 Qxh3 58. Qg6+ Kh8 59. Nf7# 1-0

[Event "*** SCC Grand Prix: Titled Tuesday Blitz"]
[Site "Chess.com"]
[Date "2020.10.06"]
[Round "8"]
[White "juancruzarias"]
[Black "Vuk2000"]
[Result "1-0"]
[WhiteElo "2513"]
[BlackElo "2669"]
[TimeControl "180+1"]
[EndTime "11:36:29 PDT"]
[Termination "juancruzarias won by resignation"]

1. d4 Nf6 2. Bg5 d5 3. e3 e6 4. Nd2 c5 5. c3 Nc6 6. Ngf3 Be7 7. Bd3 Nd7 8. Bf4 f5 9. Qe2 O-O 10. h4 Nf6 11. h5 h6 12. Ne5 Bd6 13. Ng6 Re8 14. Nf3 c4 15. Bc2 b5 16. Nfe5 Bb7 17. Rg1 b4 18. g4 fxg4 19. Nxg4 Bxf4 20. exf4 Nxg4 21. Rxg4 a5 22. Ba4 Qf6 23. Ne5 Rac8 24. O-O-O Re7 25. Bxc6 Bxc6 26. Rdg1 Be8 27. Qe3 Bxh5 28.
R4g3 Qf5 29. f3 bxc3 30. Qxc3 a4 31. Qb4 Rec7 32. Qc3 a3 33. R3g2 Rb8 34. Rd2 Qxf4 35. Kb1 Qf5+ 36. Ka1 Rcb7 37. Nc6 axb2+ 38. Rxb2 Rxb2 39.
Ne7+ Kh7 40. Nxf5 exf5 41. Qxb2 Rxb2 42. Kxb2 Bxf3 43. Kc3 f4 44. a4 Bh5 45. a5 Be8 46. a6 Bc6 47. Rb1 f3 48. Kd2 c3+ 49.
Ke3 g5 50. Kxf3 h5 51. Rc1 Kg6 52. Rxc3 Bb5 1-0

[Event "*** SCC Grand Prix: Titled Tuesday Blitz"]
[Site "Chess.com"]
[Date "2020.10.06"]
[Round "8"]
[White "Fins0905"]
[Black "Kacparov"]
[Result "0-1"]
[WhiteElo "2639"]
[BlackElo "2756"]
[TimeControl "180+1"]
[EndTime "11:36:31 PDT"]
[Termination "Kacparov won by resignation"]

1. e4 c5 2. Nf3 e6 3. d4 cxd4 4. Nxd4 Nc6 5. Nc3 Qc7 6. g3 a6 7. Bg2 Nf6 8. O-O Bb4 9. Nde2 O-O 10. Bf4 e5 11. Bg5 Be7 12. Bxf6 Bxf6 13. Nd5 Qd8 14. c3 d6 15. h4 Be7 16. Qd2 Be6 17.
Rad1 Rc8 18. a3 Bxd5 19. Qxd5 Qa5 20. Nc1 Qxd5 21. Rxd5 Rfd8 22. Bh3 Rc7 23. Nd3 g6 24. Rd1 Kg7 25. a4 b6 26. Bf1 Rb8 27. Nc1 Ra7 28.
Nb3 Nd8 29. Nd2 Ne6 30. b4 Nc7 31. Rd3 b5 32. Ra1 Rbb7 33. Nb3 Ne6 34. Rd5 Nc7 35. Rd2 f5 36. exf5 gxf5 37. Na5 Rb6 38. axb5 axb5 39. Rad1 Ra8 40. Bg2 Rc8 41. Bb7 Re8 42. Bc6 Rh8 43. Bd7 Kf6 44. Bc6 h6 45. Kg2 Rg8 46. Bf3 e4 47. Be2 d5 48. Nb3 Rd8 49.
Nd4 Bd6 50. Ra2 Be5 51. Kf1 Bxd4 52. cxd4 Ne6 53. Ra5 Rc8 54. Rxb5 Rxb5 55. Bxb5 Rb8 56. Bc6 Rxb4 57. Bxd5 Nxd4 58. Kg2 Ke5 59. Ba8 Rb2 60. Kf1 Ra2 61. Bb7 Rb2 62. Bc8 Nf3 63. Bd7 Rc2 64. Bb5 Ra2 65. Bc4 Nd2+ 66. Kg2 Nxc4 67.
Rd8 Ne3+ 68. Kh3 Ng4 69. Re8+ Kf6 0-1